 Dungeon Crawl Stone Soup version 0.18.1-5-g4a78601 (webtiles) character file.

330054 oplop the Stormcaller (level 21, -5/182 HPs)
             Began as an Octopode Ice Elementalist on May 11, 2016.
             Was the Champion of Cheibriados.
             Slain by Mennas
             ... wielding a +4 eudemon blade of holy wrath
              (31 damage)
             ... on level 2 of the Vaults on May 12, 2016.
             The game lasted 03:41:01 (45396 turns).

oplop the Stormcaller (Octopode Ice Elementalist)  Turns: 45396, Time: 03:41:01

Health: -5/182     AC: 31    Str: 25    XL:     21   Next: 73%
Magic:  48/49      EV: 27    Int: 45    God:    Cheibriados [******]
Gold:   3534       SH:  7    Dex: 30    Spells: 12 memorised, 1 level left

rFire  . . .     SeeInvis +       - Unarmed
rCold  . . .     Gourm    .     h - +0 buckler
rNeg   + . .     Faith    .     B - +0 hat
rPois  ∞         Spirit   .     P - amulet of magic regeneration
rElec  +         Dismiss  .     y - +5 ring of intelligence
rCorr  .         Reflect  .     z - ring of see invisible
SustAt .         Harm     .     G - ring of wizardry
MR     +....     Clarity  +     D - ring of stealth
Stlth  ++........               Y - ring of flight
                                (no ring)
                                Q - +3 ring of intelligence
                                l - ring of magical power

@: statue-form, regenerating (expiring), glowing, silenced, deflect missiles,
very slow, somewhat resistant to hostile enchantments, unstealthy
A: almost no armour, amphibious, 8 rings, constrict 8, tentacle spike 1, (slimy
green scales 0), camouflage 1, blink, clarity, wild magic 1, (gelatinous body 0)
a: End Transformation, Blink, Renounce Religion, Evoke Flight
}: 2/15 runes: decaying, serpentine


You were on level 2 of the Vaults.
You worshipped Cheibriados.
Cheibriados was exalted by your worship.
You were not hungry.
You were a stone statue.
You visited 8 branches of the dungeon, and saw 39 of its levels.
You also visited: Ossuary and Volcano.

You collected 4789 gold pieces.
You spent 1255 gold pieces at shops.

Inventory:

Armour
 h - a +0 buckler (worn)
 B - a +0 hat (worn)
 R - a +1 shield of poison resistance
Magical Staves
 a - an uncursed staff of energy
 r - an uncursed staff of air
Jewellery
 j - the ring "Enkownuc" {+Blink +Fly rElec Int+4 Stlth+, unknown}
   (You found it on level 1 of the Vaults)

   [ring of flight]

   It affects your intelligence (+4).
   It insulates you from electricity.
   It lets you fly.
   It lets you blink.
   It makes you more stealthy.
 l - a ring of magical power (on tentacle)
 y - a +5 ring of intelligence (left tentacle)
 z - a ring of see invisible (right tentacle)
 D - a ring of stealth (on tentacle)
 G - a ring of wizardry (on tentacle)
 P - an amulet of magic regeneration (around mantle)
 Q - a +3 ring of intelligence (on tentacle)
 T - the ring "Xuji" {Ice rElec rPois MR+ Slay+4}
   (You took it off a deep elf death mage on level 3 of the Elven Halls)

   [ring of ice]

   It enhances your ice magic, and weakens your fire magic.
   It affects your accuracy and damage with ranged weapons and melee attacks
   (+4).
   It makes you vulnerable to fire.
   It protects you from cold.
   It insulates you from electricity.
   It protects you from poison.
   It affects your resistance to hostile enchantments.
 Y - a ring of flight (on tentacle)
Wands
 t - a wand of iceblast (10/15)
 F - a wand of iceblast (8/15)
 M - a wand of paralysis (14/24)
 O - a wand of digging (16/24)
 U - a wand of disintegration (9/24)
 V - a wand of polymorph (17/24)
Scrolls
 d - 2 scrolls of recharging
 k - 14 scrolls of identify
 o - 5 scrolls of amnesia
 p - a scroll of blinking
 v - 17 scrolls of remove curse
 A - 6 scrolls of teleportation
 H - 7 scrolls of magic mapping
 I - 7 scrolls of fog
 J - 7 scrolls of enchant weapon
 K - 10 scrolls of enchant armour
 N - 3 scrolls of holy word
 X - a scroll of noise
 Z - 2 scrolls of fear
Potions
 c - a potion of cancellation
 e - 5 potions of lignification
 i - 13 potions of curing
 m - 4 potions of agility
 n - 3 potions of brilliance
 q - 2 potions of magic
 s - a potion of cure mutation
 u - a potion of heal wounds
 x - 2 potions of flight
 C - a potion of invisibility
 L - 3 potions of ambrosia
 S - 2 potions of resistance
Books
 g - a book of Death

   Spells                             Type                      Level
   a - Corpse Rot                     Necromancy                   2
   b - Sublimation of Blood           Necromancy                   2
   c - Agony                          Necromancy                   5
   d - Dispel Undead                  Necromancy                   5
   e - Excruciating Wounds            Charms/Necromancy            5
   f - Bolt of Draining               Conjuration/Necromancy       5
 W - Cugustrye's Compendium of Conjuration
   (You found it on level 3 of the Elven Halls)

   Spells                             Type                      Level
   a - Flame Tongue                   Conjuration/Fire             1
   b - Searing Ray                    Conjuration                  2
Comestibles
 b - 20 bread rations
 f - 19 meat rations
 E - a slice of pizza


   Skills:
 - Level 11.0 Fighting
 - Level 12.3 Dodging
 - Level 2.6 Stealth
 - Level 4.1 Shields
 - Level 12.1 Unarmed Combat
 - Level 15.0 Spellcasting
 - Level 10.0 Conjurations
 - Level 7.4 Charms
 - Level 4.3 Summonings
 - Level 5.0 Translocations
 - Level 8.1 Transmutations
 - Level 9.5 Ice Magic
 + Level 18.4 Air Magic
 - Level 7.8 Earth Magic
 - Level 10.0 Invocations


You had one spell level left.
You knew the following spells:

 Your Spells              Type           Power        Failure   Level  Hunger
a - Airstrike             Air            ########..   1%          4    None
b - Throw Frost           Conj/Ice       ######       1%          2    None
c - Ozocubu's Armour      Chrm/Ice       #######.     1%          3    None
d - Conjure Ball Lightni  Conj/Air       ########..   1%          6    None
e - Throw Icicle          Conj/Ice       ########     1%          4    None
f - Summon Butterflies    Summ           #######.     1%          1    None
g - Ice Form              Ice/Trmt       #######.     1%          4    None
h - Apportation           Tloc           #######...   1%          1    None
i - Deflect Missiles      Chrm/Air       ########..   1%          6    None
j - Regeneration          Chrm/Necr      ######....   1%          3    None
k - Statue Form           Trmt/Erth      #######..    4%          6    None
l - Tornado               Air            ########..   16%         9    ######.


Dungeon Overview and Level Annotations

Branches:
Dungeon (15/15)            Temple (1/1) D:7            Lair (8/8) D:11
  Swamp (4/4) Lair:6        Snake (4/4) Lair:6        Slime (0/6) Lair:6
    Orc (2/2) D:9             Elf (3/3) Orc:2        Vaults (2/5) D:13
  Crypt (0/3) Vaults:2     Depths (0/5) D:15

Altars:
Ashenzari
Cheibriados
Dithmenos
Elyvilon
Fedhas
Gozag
Kikubaaqudgha
Makhleb
Nemelex Xobeh
Okawaru
Pakellas
Qazlal
Ru
Sif Muna
Trog
Vehumet
Xom
Yredelemnul
Zin
The Shining One
Jiyva

Shops:
Orc:2 %:*(   Elf:1 ?   Snake:1 ?   Snake:2 [   Snake:3 (

Annotations:
Elf:2 5 runed doors
Vaults:2 Mennas


Innate Abilities, Weirdness & Mutations

You cannot wear most types of armour.
You are amphibious.
You can wear up to eight rings at the same time.
You can use your tentacles to constrict eight enemies at once.
Your skin changes colour to match your surroundings (Stealth).
((Your rubbery body absorbs attacks (AC +1).))
One of your tentacles bears a spike.
((You are partially covered in slimy green scales (AC +2).))
You can translocate small distances at will.
You possess an exceptional clarity of mind.
Your spells are a little harder to cast, but a little more powerful.


Message History

* * * LOW HITPOINT WARNING * * *
You block Mennas's attack. The wizard completely misses you.
Mennas hits you with an eudemon blade of holy wrath!
* * * LOW HITPOINT WARNING * * *
Mennas hits you but does no damage.
Unknown command.
Mennas blocks your attack.
Your grab misses Mennas.
Your tentacle spike misses Mennas.
Mennas is heavily wounded.
The wizard barely misses you. You block Mennas's attack. x2
The wizard closely misses you.
Unknown command.
Drink which item? (? for menu, Esc to quit)
You feel better.
Your skin is crawling a little less now.
Mennas hits you with an eudemon blade of holy wrath!!
* * * LOW HITPOINT WARNING * * *
You block Mennas's attack.
Mennas hits you with an eudemon blade of holy wrath!!
You die...

####### ......+
#########......#
#.......#......#
#.......#O.....+
#.......#pp....#
#.......8Ap....#
#)))....########
#.......#
###+#####
##...## #.....#
##...## #.....#
##...##


You could see Mennas, a vault sentinel, an ironbrand convoker, a wizard and an
ogre.

Vanquished Creatures
  Mara (Snake:4)
  Vashnia (Snake:4)
  Nikola (Elf:1)
  A tentacled monstrosity (Swamp:4)
  2 deep elf master archers (Elf:3)
  2 deep elf blademasters (Elf:3)
  Frances (Swamp:1)
  2 thorn hunters (Swamp:4)
  Agnes (Elf:1)
  8 greater nagas
  Wiglaf (Snake:4)
  Roxanne (Swamp:1)
  Maud (D:12)
  Donald (Snake:4)
  6 deep elf sorcerers
  4 vault wardens
  3 deep elf elementalists (Elf:3)
  5 ironheart preservers (Vaults:1)
  2 vampire knights (Vaults:1)
  5 deep elf demonologists (Elf:3)
  5 deep elf annihilators
  5 vault guards
  9 deep elf death magi (Elf:3)
  Josephine (D:11)
  2 minotaurs (shapeshifter) (D:15)
  2 deep elf high priests
  2 fire dragons
  A rakshasa (Vaults:1)
  A yaktaur captain (Vaults:1)
  21 hydras
  A ghost crab (Swamp:4)
  8 anacondas
  10 centaur warriors
  4 ogre magi
  A catoblepas (Lair:3)
  21 naga warriors
  A death knight (Vaults:2)
  2 tengu warriors (D:14)
  6 alligators
  15 dancing weapons
  A deep troll earth mage (Vaults:1)
  13 deep elf knights
  An orc high priest (Orc:2)
  6 death yaks
  A soul eater (Vaults:2)
  2 shock serpents
  17 naga sharpshooters
  13 sea snakes
  2 salamander mystics (Snake:3)
  A hell knight (Vaults:1)
  A flayed ghost (Vaults:1)
  11 swamp dragons
  2 unseen horrors
  9 skeletal warriors
  A spriggan druid (Swamp:4)
  5 deep trolls (Vaults:1)
  2 shambling mangroves
  Pikel (D:4)
  8 naga ritualists
  10 orc knights
  2 ironbrand convokers (Vaults:1)
  11 deep elf archers
  10 hill giants
  A necromancer (Vaults:2)
  A wizard (Elf:1)
  7 mana vipers
  50 deep elf magi
  A wolf spider (Vaults:1)
  11 slime creatures
  4 orc sorcerers
  5 harpies (Vaults:1)
  A cyclops (shapeshifter) (Vaults:1)
  17 ugly things
  3 griffons
  2 hornets
  A shining eye (shapeshifter) (Vaults:1)
  2 manticores
  A hornet (shapeshifter) (Elf:2)
  12 salamanders
  5 cyclopes
  39 black mambas
  5 vault sentinels
  25 spiny frogs
  2 guardian serpents
  Joseph (D:10)
  29 elephants
  3 gargoyles (D:14)
  25 naga magi
  5 kobold demonologists
  2 rime drakes
  A yaktaur (shapeshifter) (D:15)
  2 efreet
  7 komodo dragons
  12 yaktaurs
  A tengu conjurer (Elf:1)
  A freezing wraith (D:14)
  A polar bear (Lair:4)
  A polar bear (shapeshifter) (Vaults:1)
  7 trolls
  A merfolk (D:9)
  Prince Ribbit (D:8)
  6 giant leeches
  Grinder (D:4)
  30 blink frogs
  14 two-headed ogres
  10 bog bodies
  A hornet zombie (D:13)
  4 air elementals
  Sigmund (D:3)
  5 shadows
  8 wyverns
  7 wraiths
  A vampire (D:10)
  5 spriggans
  38 yaks
  4 water elementals
  3 hungry ghosts
  11 hippogriffs
  6 basilisks
  9 fire bats (Volcano)
  23 vampire mosquitoes
  A basilisk (shapeshifter) (Vaults:1)
  2 steam dragons
  48 nagas
  A mottled dragon (Volcano)
  12 swamp worms
  A warg (Orc:2)
  22 insubstantial wisps
  25 water moccasins
  A soldier ant (shapeshifter) (Elf:2)
  12 porcupines
  9 swamp drakes
  A slave (D:4)
  3 sky beasts
  3 ice beasts
  2 black bears
  A wasp (shapeshifter) (Vaults:1)
  33 orc warriors
  3 necrophages
  2 phantoms
  11 wasps
  28 ogres
  5 boggarts
  15 wolves
  40 centaurs
  20 crocodiles
  2 big kobolds
  20 giant frogs
  An earth elemental (Elf:2)
  2 scorpions
  A water moccasin skeleton (D:12)
  10 killer bees
  11 wights
  7 howler monkeys
  11 electric eels
  3 crimson imps
  7 hounds
  8 centaur zombies
  2 giant frog zombies
  5 jellies
  15 orc priests
  23 orc wizards
  Ijyb (D:3)
  6 centaur skeletons
  4 giant frog skeletons
  9 iguanas
  Terence (D:3)
  Natasha (thrice) (D:2)
  12 worker ants
  17 sheep
  A boulder beetle simulacrum (Vaults:1)
  A killer bee zombie (D:10)
  4 big kobold zombies (Ossuary)
  2 hound skeletons
  6 mummies (Ossuary)
  A worker ant zombie (D:8)
  13 adders
  107 river rats
  6 shadow imps
  An ooze (D:1)
  A worm (D:3)
  4 giant geckos
  92 orcs
  5 giant cockroaches
  10 goblins
  8 hobgoblins
  3 jackals (D:2)
  18 kobolds
  3 quokkas
  3 ball pythons
  11 bats
  9 giant newts
  2 hobgoblin zombies (Ossuary)
  7 rats
  2 crawling corpses (Elf:3)
  A fungus (Lair:5)
1582 creatures vanquished.

Vanquished Creatures (collateral kills)
  2 vault guards (D:13)
  The ghost of no0bjke the Protected, a journeyman MiFi of Okawaru (Lair:5)
  3 hydras
  An alligator (Swamp:3)
  A death yak (Lair:7)
  2 orc high priests (Orc:2)
  A deep elf archer (Elf:1)
  2 ugly things
  A slime creature (Swamp:3)
  25 elephants
  A manticore (D:11)
  A salamander (Volcano)
  4 spiny frogs
  A kobold demonologist (D:15)
  3 komodo dragons
  A troll (D:12)
  7 blink frogs
  3 two-headed ogres (D:10)
  A bog body (Swamp:1)
  2 spriggans
  17 yaks
  5 basilisks
  A wyvern (Volcano)
  2 hippogriffs
  A hungry ghost (D:12)
  A vampire mosquito (Swamp:2)
  A fire bat (Volcano)
  Edmund (D:4)
  2 nagas (Lair:6)
  A swamp worm (Swamp:2)
  A water moccasin (Lair:7)
  Duvessa (D:4)
  4 orc warriors
  6 porcupines
  2 ice beasts
  9 ogres
  A necrophage (D:9)
  2 wolves (Lair:5)
  3 centaurs
  5 crocodiles
  A big kobold (D:7)
  Blork the orc (D:4)
  Dowan (D:4)
  2 scorpions
  2 wights (D:9)
  A killer bee (D:9)
  A giant frog zombie (D:12)
  4 jellies
  Crazy Yiuf (D:4)
  2 orc priests (Orc:2)
  2 hounds (D:9)
  3 orc wizards
  2 worker ants
  14 sheep
  A howler monkey zombie (D:5)
  18 river rats
  10 orcs
  7 kobolds
  2 fungi (Lair:6)
  A plant (Lair:4)
205 creatures vanquished.

Vanquished Creatures (others)
  An alligator (Swamp:3)
  30 ball lightnings
  An unseen horror (D:15)
  A swamp dragon (Swamp:4)
  A naga mage (Snake:4)
  A naga (Snake:4)
  A scorpion (D:4)
  An orc wizard (D:13)
  92 fungi
  72 plants
201 creatures vanquished.

Grand Total: 1988 creatures vanquished

Notes
Turn   | Place    | Note
--------------------------------------------------------------
     0 | D:1      | oplop the Octopode Ice Elementalist began the quest for the Orb.
     0 | D:1      | Reached XP level 1. HP: 11/11 MP: 3/3
   396 | D:1      | Reached XP level 2. HP: 12/17 MP: 5/5
  1113 | D:1      | Reached XP level 3. HP: 12/21 MP: 7/7
  1813 | D:2      | Noticed Natasha
  1860 | D:2      | Killed Natasha
  1860 | D:2      | Reached XP level 4. HP: 27/27 MP: 3/8
  2128 | D:2      | Noticed Natasha
  2133 | D:2      | Learned a level 2 spell: Throw Frost
  2205 | D:2      | Killed Natasha
  2205 | D:2      | Reached XP level 5. HP: 29/32 MP: 4/10
  2230 | D:2      | Found a basalt altar of Yredelemnul.
  2247 | D:2      | Found a glowing golden altar of the Shining One.
  2397 | D:2      | Noticed Natasha
  2403 | D:2      | Killed Natasha
  2403 | D:2      | Reached skill level 1 in Fighting
  2961 | D:3      | Learned a level 3 spell: Ozocubu's Armour
  2996 | D:3      | Noticed Sigmund
  3007 | D:3      | Killed Sigmund
  3007 | D:3      | Reached skill level 5 in Ice Magic
  3007 | D:3      | Reached XP level 6. HP: 39/39 MP: 9/12
  3085 | D:3      | Noticed Ijyb
  3133 | D:3      | Killed Ijyb
  3314 | D:3      | Noticed Terence
  3324 | D:3      | Killed Terence
  3389 | D:3      | Found a bloodstained altar of Trog.
  3498 | D:3      | Reached XP level 7. HP: 45/45 MP: 13/13
  3667 | D:4      | Noticed Duvessa
  3667 | D:4      | Noticed Dowan
  3923 | D:4      | Noticed a hippogriff
  3936 | D:4      | Killed a hippogriff
  3936 | D:4      | Reached skill level 5 in Spellcasting
  4088 | D:4      | Found a sand-covered staircase.
  4092 | Ossuary  | Entered an ossuary
  4346 | Ossuary  | Learned a level 4 spell: Summon Ice Beast
  4424 | Ossuary  | Reached skill level 1 in Summonings
  4601 | Ossuary  | Reached XP level 8. HP: 49/51 MP: 16/16
  5175 | D:4      | Noticed Blork the orc
  5176 | D:4      | Noticed Edmund
  5205 | D:4      | Killed Edmund
  5216 | D:5      | Entered Level 5 of the Dungeon
  5765 | D:6      | Learned a level 4 spell: Throw Icicle
  6272 | D:6      | Found a glowing silver altar of Zin.
  6419 | D:6      | Reached XP level 9. HP: 34/56 MP: 6/18
  6848 | D:7      | Found a staircase to the Ecumenical Temple.
  6920 | Temple   | Entered the Ecumenical Temple
  7005 | Temple   | Became a worshipper of Cheibriados the Contemplative
  7154 | D:7      | Reached skill level 1 in Invocations
  7561 | D:7      | Reached * piety under Cheibriados
  7966 | D:8      | Found a burning altar of Makhleb.
  7967 | D:8      | Noticed Prince Ribbit
  7971 | D:8      | Killed Prince Ribbit
  8141 | D:8      | Learned a level 1 spell: Summon Butterflies
  8422 | D:8      | Found an opulent altar of Gozag.
  8426 | D:8      | Found an oddly glowing altar of Pakellas.
  8429 | D:8      | Found a shimmering altar of Xom.
  8446 | D:8      | Found a burning altar of Makhleb.
  8514 | D:8      | Found a blossoming altar of Fedhas.
  8516 | D:8      | Found a stormy altar of Qazlal.
  8923 | D:4      | Killed Blork the orc
  8933 | D:4      | Found a radiant altar of Vehumet.
  8969 | D:4      | Noticed Pikel
  8983 | D:4      | Killed Pikel
  9151 | D:4      | Noticed Grinder
  9155 | D:4      | Reached XP level 10. HP: 65/65 MP: 16/20
  9158 | D:4      | Killed Grinder
  9226 | D:4      | Reached skill level 5 in Fighting
  9310 | D:4      | Noticed Crazy Yiuf
  9324 | D:4      | Killed Crazy Yiuf
  9364 | D:4      | Killed Duvessa
  9377 | D:4      | Killed Dowan
  9582 | D:10     | Entered Level 10 of the Dungeon
  9590 | D:10     | Noticed Sonja
  9636 | D:9      | Reached ** piety under Cheibriados
  9643 | D:9      | Reached skill level 5 in Invocations
 10137 | D:9      | Found a bloodstained altar of Trog.
 10137 | D:9      | Found an iron altar of Okawaru.
 10553 | D:9      | Found a staircase to the Orcish Mines.
 10603 | D:9      | Reached *** piety under Cheibriados
 11533 | D:10     | Reached XP level 11. HP: 68/72 MP: 2/23
 11703 | D:10     | Reached **** piety under Cheibriados
 11707 | D:10     | Reached skill level 5 in Dodging
 11901 | D:10     | Noticed an ogre mage
 11905 | D:10     | Killed an ogre mage
 12202 | D:10     | Got a shimmering mace {venom}
 12203 | D:10     | Identified the +7 mace "Ymapu" {venom, rPois rC+ Str-4 Stlth+} (You took it off an ogre mage on level 10 of the Dungeon)
 12525 | D:10     | Reached ***** piety under Cheibriados
 12582 | D:10     | Noticed Joseph
 12601 | D:10     | Killed Joseph
 12614 | D:10     | Noticed Josephine
 12798 | D:11     | Noticed a manticore
 13247 | D:12     | Noticed Maud
 13339 | D:11     | Killed Josephine
 13563 | D:11     | Found a staircase to the Lair.
 13679 | D:11     | Reached XP level 12. HP: 81/81 MP: 21/24
 14077 | Lair:1   | Entered Level 1 of the Lair of Beasts
 14206 | Lair:1   | Reached skill level 10 in Invocations
 15416 | Lair:2   | Noticed a six-headed hydra
 15424 | Lair:2   | Killed a six-headed hydra
 16120 | Lair:2   | Reached skill level 5 in Conjurations
 16185 | Lair:2   | Reached ****** piety under Cheibriados
 16417 | Lair:2   | Reached XP level 13. HP: 88/89 MP: 21/26
 16526 | Lair:3   | Reached skill level 10 in Spellcasting
 19322 | Lair:5   | Noticed no0bjke's ghost (journeyman MiFi)
 19343 | Lair:5   | Killed no0bjke's ghost
 19343 | Lair:5   | Reached skill level 10 in Dodging
 19357 | Lair:5   | Found a dark tunnel.
 19423 | Volcano  | Entered a volcano
 19429 | Volcano  | Reached skill level 10 in Fighting
 19700 | Volcano  | Reached XP level 14. HP: 99/99 MP: 24/28
 20206 | Volcano  | Identified a scroll of acquirement
 20217 | Volcano  | Learned a level 4 spell: Ice Form
 20408 | Lair:5   | Reached skill level 1 in Unarmed Combat
 21195 | Lair:5   | Learned a level 1 spell: Apportation
 21701 | Lair:6   | Found a staircase to the Snake Pit.
 21792 | Lair:6   | Found a viscous altar of Jiyva.
 21792 | Lair:6   | Found a staircase to the Slime Pits.
 21999 | Lair:6   | Found a staircase to the Swamp.
 22560 | Lair:7   | Reached skill level 5 in Unarmed Combat
 22564 | Lair:7   | Found a snail-covered altar of Cheibriados.
 23280 | Lair:8   | Entered Level 8 of the Lair of Beasts
 24238 | Lair:8   | Reached XP level 15. HP: 87/103 MP: 15/30
 24605 | Lair:8   | Learned a level 6 spell: Deflect Missiles
 24718 | Lair:8   | Reached skill level 1 in Charms
 24847 | Lair:7   | Reached skill level 1 in Air Magic
 25018 | Lair:7   | Reached skill level 2 in Air Magic
 25786 | Lair:1   | Gained mutation: Your spells are a little harder to cast, but a little more powerful. [potion of mutation]
 25786 | Lair:1   | Gained mutation: You are robust (+10% HP). [potion of mutation]
 25786 | Lair:1   | Gained mutation: Your body sometimes deteriorates upon taking damage. [potion of mutation]
 25787 | Lair:1   | Gained mutation: You are clumsy. (Dex -2) [potion of mutation]
 25787 | Lair:1   | Gained mutation: You have a pair of small antennae on your head. [potion of mutation]
 25787 | Lair:1   | Lost mutation: You have a pair of small antennae on your head. [potion of mutation]
 25917 | D:10     | Reached skill level 3 in Air Magic
 26026 | D:10     | Reached skill level 10 in Unarmed Combat
 26407 | D:10     | Noticed Sonja
 26407 | D:10     | Sonja changed into Sonja the naga
 26412 | D:10     | Killed Sonja the naga
 26781 | D:12     | Killed Maud
 27513 | D:13     | Reached skill level 4 in Air Magic
 27606 | D:13     | Found a gate to the Vaults.
 27721 | D:13     | Gained mutation: You can translocate small distances at will. [mutagenic meat]
 27722 | D:13     | Gained mutation: You have very sharp teeth. [mutagenic meat]
 27761 | D:13     | Found an oddly glowing altar of Pakellas.
 27763 | D:13     | Reached skill level 5 in Charms
 27782 | D:13     | Reached skill level 5 in Air Magic
 28506 | D:13     | Reached XP level 16. HP: 118/119 MP: 31/31
 28515 | D:13     | Found a stormy altar of Qazlal.
 28658 | D:14     | Reached skill level 6 in Air Magic
 29350 | D:15     | Entered Level 15 of the Dungeon
 29706 | D:15     | Reached skill level 7 in Air Magic
 30103 | D:15     | Found a staircase to the Depths.
 30389 | Orc:1    | Entered Level 1 of the Orcish Mines
 30403 | Orc:1    | Found a bloodstained altar of Trog.
 30760 | Orc:1    | Found a bloodstained altar of Trog.
 30892 | Orc:2    | Entered Level 2 of the Orcish Mines
 31362 | Orc:2    | Found a staircase to the Elven Halls.
 31923 | Orc:2    | Found Tuelyfel's Antique Weapon Boutique.
 31923 | Orc:2    | Found Ijecod Eghyp's Food Shoppe.
 31930 | Orc:2    | Found Ysuthil's General Store.
 31930 | Orc:2    | Found Poawyxua's Book Shoppe.
 31951 | Orc:2    | Bought a book of Necromancy for 330 gold pieces
 31951 | Orc:2    | Bought a book of the Sky for 715 gold pieces
 31955 | Orc:2    | Learned a level 3 spell: Regeneration
 32115 | Lair:1   | Learned a level 7 spell: Orb of Destruction
 32264 | Swamp:1  | Entered Level 1 of the Swamp
 32300 | Swamp:1  | Noticed Roxanne
 32312 | Swamp:1  | Noticed Frances
 32328 | Swamp:1  | Killed Roxanne
 32330 | Swamp:1  | Identified Roxanne's Grimoire of Clay (You took it off Roxanne on level 1 of the Swamp)
 32342 | Swamp:1  | Learned a level 6 spell: Statue Form
 32391 | Swamp:1  | Reached skill level 1 in Earth Magic
 32434 | Swamp:1  | Reached skill level 1 in Translocations
 32469 | Swamp:1  | Lost mutation: Your body sometimes deteriorates upon taking damage. [potion of cure mutation]
 32469 | Swamp:1  | Lost mutation: You are clumsy. (Dex -2) [potion of cure mutation]
 32469 | Swamp:1  | Lost mutation: You have very sharp teeth. [potion of cure mutation]
 32469 | Swamp:1  | Lost mutation: You are robust (+10% HP). [potion of cure mutation]
 32470 | Swamp:1  | Gained mutation: You possess an exceptional clarity of mind. [potion of beneficial mutation]
 32471 | Swamp:1  | Gained mutation: One of your tentacles bears a spike. [potion of beneficial mutation]
 33118 | Swamp:2  | Reached XP level 17. HP: 116/116 MP: 24/32
 33737 | Swamp:4  | Entered Level 4 of the Swamp
 34162 | Lair:1   | Learned a level 4 spell: Airstrike
 34299 | D:15     | Reached skill level 5 in Earth Magic
 34318 | D:15     | Reached skill level 5 in Translocations
 34438 | D:15     | Reached skill level 1 in Transmutations
 34854 | Elf:1    | Entered Level 1 of the Elven Halls
 34920 | Elf:1    | Noticed Agnes
 34930 | Elf:1    | Killed Agnes
 35287 | Elf:1    | Found Pumeagao's Magic Scroll Shop.
 35425 | Elf:1    | Noticed Nikola
 35439 | Elf:1    | Killed Nikola
 35594 | Elf:1    | Reached skill level 10 in Conjurations
 35758 | Elf:1    | Reached skill level 5 in Transmutations
 35809 | Elf:2    | Reached skill level 1 in Shields
 36040 | Elf:2    | Reached XP level 18. HP: 124/124 MP: 28/33
 36103 | Elf:2    | Found a huge runed gate.
 36103 | Elf:2    | Found a huge runed gate.
 36103 | Elf:2    | Found a huge runed gate.
 36103 | Elf:2    | Found a huge runed gate.
 36109 | Elf:2    | Found a huge runed gate.
 36878 | Swamp:1  | Killed Frances
 36979 | Swamp:1  | Reached skill level 8 in Air Magic
 37673 | Swamp:4  | Got a decaying rune of Zot
 37736 | Swamp:4  | Noticed a tentacled monstrosity
 37743 | Swamp:4  | Killed a tentacled monstrosity
 37743 | Swamp:4  | Reached skill level 9 in Air Magic
 38346 | Lair:1   | Learned a level 6 spell: Conjure Ball Lightning
 38461 | Snake:1  | Entered Level 1 of the Snake Pit
 38738 | Snake:1  | Found a stormy altar of Qazlal.
 38811 | Snake:1  | Reached skill level 10 in Air Magic
 38881 | Snake:1  | Reached XP level 19. HP: 67/128 MP: 23/35
 38926 | Snake:1  | Found Enuar's Magic Scroll Shop.
 38934 | Snake:1  | Bought a scroll of blinking for 105 gold pieces
 38934 | Snake:1  | Bought a scroll of blinking for 105 gold pieces
 39342 | Snake:2  | Found Vish's Armour Shoppe.
 39395 | Snake:2  | namelastname112: ну проверяй
 39408 | Snake:2  | namelastname112: во
 39408 | Snake:2  | oplop: надо еще финальное добавить
 39411 | Snake:2  | namelastname112: more += You revert to your normal fleshy form
 39411 | Snake:2  | namelastname112: попробуй
 39411 | Snake:2  | oplop: ну да
 39411 | Snake:2  | oplop: еще раз ф5
 39450 | Snake:2  | oplop: о
 39450 | Snake:2  | oplop: найс
 39450 | Snake:2  | namelastname112: ну норм
 39450 | Snake:2  | oplop: спасиб
 39450 | Snake:2  | namelastname112: обращайся
 39507 | Snake:2  | oplop: прикольная штука
 39507 | Snake:2  | oplop: только места надо много свободного
 39824 | Snake:2  | You fall through a shaft!
 39876 | Snake:3  | namelastname112: че за штука
 39883 | Snake:3  | namelastname112: кбл-то?
 39887 | Snake:3  | oplop: ??conjure ball lightning
 39887 | Snake:3  | beem: ball lightning[1/3]: Like a giant spore, but zappier; explodes for 3d20 elec damage. They don't exist naturally, but Conjure Ball Lightning (L6 C/A in Sky) can make them, and are also in rare abyss, swamp, and aerie vaults. Cannot be conjured over water or lava. Remember that ones conjured will explode when they time out!
 39887 | Snake:3  | oplop: ??conjure ball lightning [2
 39887 | Snake:3  | beem: ball lightning[2/3]: Ball lightning created by Conjure Ball Lightning explodes for 3d(11.25+power/16) damage.
 39887 | Snake:3  | oplop: ??conjure ball lightning [3
 39887 | Snake:3  | beem: ball lightning[3/3]: !lg ahrin place=tomb:3 1 -tv
 39887 | Snake:3  | oplop: тв какое то
 39892 | Snake:3  | Reached skill level 11 in Air Magic
 39978 | Snake:3  | Found Noeraq's Weapon Shop.
 40843 | Snake:4  | Entered Level 4 of the Snake Pit
 40923 | Snake:4  | Noticed Mara
 40930 | Snake:4  | Noticed oplop's illusion
 40938 | Snake:4  | Noticed Wiglaf
 40942 | Snake:4  | Killed Mara
 40942 | Snake:4  | Reached skill level 12 in Air Magic
 40946 | Snake:4  | Killed Wiglaf
 41116 | Snake:4  | Noticed Donald
 41435 | Snake:4  | Noticed Vashnia
 41437 | Snake:4  | Reached XP level 20. HP: 93/135 MP: 14/38
 41440 | Snake:4  | Killed Donald
 41440 | Snake:4  | Reached skill level 13 in Air Magic
 41613 | Snake:4  | Killed Vashnia
 41711 | Snake:4  | Got a serpentine rune of Zot
 41722 | Snake:4  | oplop: ненавижу блядь снейки
 41873 | Snake:4  | Reached skill level 15 in Spellcasting
 42199 | Lair:5   | namelastname112: анарм-то качал?
 42199 | Lair:5   | oplop: немношк
 42199 | Lair:5   | namelastname112: ну норм
 42199 | Lair:5   | namelastname112: иди к эльфам
 42199 | Lair:5   | namelastname112: че ты
 42252 | Lair:1   | oplop: иду
 42311 | Lair:1   | Learned a level 9 spell: Tornado
 42496 | Elf:3    | Entered Level 3 of the Elven Halls
 42513 | Elf:3    | oplop: >закопаться
 42513 | Elf:3    | oplop: хехе
 42868 | Elf:3    | Reached skill level 14 in Air Magic
 43070 | Elf:3    | namelastname112: уебанский волт
 43082 | Elf:3    | Noticed a Brimstone Fiend
 43084 | Elf:3    | oplop: определенно люблю кбл
 43156 | Elf:3    | jacquesderrida: Почему уебанский
 43158 | Elf:3    | oplop: НИЗАКОПАТЬСЯ
 43158 | Elf:3    | jacquesderrida: Это перевернутый МАСТЕР РУЗМЕН
 43204 | Elf:3    | jacquesderrida: https://i.ytimg.com/vi/6iqSbDRppgM/maxresdefault.jpg
 43204 | Elf:3    | jacquesderrida: Когда он верх тормашками, это очевидней........
 43210 | Elf:3    | jacquesderrida: ЗАХ ЗАКАПЫВАТЬСЯ
 43210 | Elf:3    | jacquesderrida: КОРИДОР
 43234 | Elf:3    | Noticed a Tzitzimitl
 43241 | Elf:3    | Reached skill level 15 in Air Magic
 43270 | Elf:3    | oplop: РАСКОПАЛИ
 43301 | Elf:3    | Gained mutation: You are partially covered in slimy green scales (AC +2). [potion of beneficial mutation]
 43340 | Elf:3    | Reached skill level 16 in Air Magic
 43340 | Elf:3    | Reached XP level 21. HP: 140/140 MP: 27/40
 43350 | Elf:3    | Got a twitching marble ring
 43392 | Elf:3    | Identified Cugustrye's Compendium of Conjuration
 43393 | Elf:3    | oplop: а, я вспомнил почему волт хуевый
 43393 | Elf:3    | oplop: тут мало эльфов и мало лута
 43403 | Elf:3    | Identified the ring "Xuji" {Ice rElec rPois MR+ Slay+4} (You took it off a deep elf death mage on level 3 of the Elven Halls)
 43403 | Elf:3    | oplop: о
 43403 | Elf:3    | oplop: айс правда
 43403 | Elf:3    | oplop: хз, посмотрим
 43433 | Elf:3    | Identified the Volume of Battle Magic
 43436 | Elf:3    | Identified Qakh's Catalogue of Aerial Arcane Weapons
 43499 | Elf:3    | jacquesderrida: Ты попался на удочку руз мастера
 43507 | Elf:3    | jacquesderrida: Он обвел тебя вокруг пальца
 44120 | Vaults:1 | Entered Level 1 of the Vaults
 44462 | Vaults:1 | Reached skill level 17 in Air Magic
 44598 | Vaults:1 | jacquesderrida: ЧЕ ДЕЛАИШ
 44611 | Vaults:1 | jacquesderrida: СЧАС ВИЕБУТ
 44620 | Vaults:1 | jacquesderrida: СПС
 44836 | Vaults:1 | Got a heavily runed tin ring
 45004 | Vaults:1 | Reached skill level 18 in Air Magic
 45310 | Vaults:2 | Found a staircase to the Crypt.
 45376 | Vaults:2 | Noticed Mennas
 45378 | Vaults:2 | oplop: хм
 45378 | Vaults:2 | oplop: меннас
 45378 | Vaults:2 | oplop: %??mennas
 45378 | Vaults:2 | beem: Mennas (A)
                  | Spd:
    15 | HD: 19   | HP: 125-180
                  | AC/EV: 15/26
                  | Dam: 30, 20
                  | holy, weapons, items, doors, fighter, spellcaster, see invisible, fly
                  | Res: magic(160), elec, poison, rot, neg+++, holy
                  | XP: 7882
                  | Sp: mass confusion, silence, minor healing
 45378 | Vaults:2 | oplop: СЛАБОУМИЕ И ОТВАГА
 45396 | Vaults:2 | Slain by Mennas

Skill      XL: |  1  2  3  4  5  6  7  8  9 10 11 12 13 14 15 16 17 18 19 20 21 |
---------------+----------------------------------------------------------------+-----
Ice Magic      | 4 5 6 7 8 9 |  9.5
Spellcasting   | 3 4 5 6 7 8 9 10 11 12 14 15 | 15.0
Fighting       | 1 2 3 4 5 7 8 10 11 | 11.0
Summonings     | 1 3 4 |  4.3
Invocations    | 4 7 9 10 | 10.0
Dodging        | 3 4 6 8 10 11 12 | 12.3
Conjurations   | 2 5 7 8 10 | 10.0
Unarmed Combat | 8 10 12 | 12.1
Charms         | 5 7 |  7.4
Air Magic      | 5 7 10 12 16 18 | 18.4
Earth Magic    | 3 6 7 |  7.8
Translocations | 2 5 |  5.0
Transmutations | 7 8 |  8.1
Shields        | 3 4 |  4.1
Stealth        | |  2.6

Action                   |  1- 3 |  4- 6 |  7- 9 | 10-12 | 13-15 | 16-18 | 19-21 || total
-------------------------+-------+-------+-------+-------+-------+-------+-------++-------
Melee: Unarmed           |    76 |       |       |       |   547 |  1051 |   838 ||  2512
       Constrict         |    24 |    14 |    28 |    37 |   108 |    94 |   129 ||   434
       Tentacles         |     8 |     5 |    20 |    87 |   176 |   166 |   305 ||   767
       Dagger            |     5 |       |       |       |       |       |       ||     5
       Rapier            |       |    67 |   167 |   267 |   439 |    69 |       ||  1009
       Punch             |       |       |       |       |    22 |    94 |   143 ||   259
       Bite              |       |       |       |       |     3 |    17 |       ||    20
       Kick              |       |       |       |       |       |   240 |   485 ||   725
       Staff             |       |       |       |       |       |       |     3 ||     3
Throw: Tomahawk          |       |       |     1 |     2 |       |       |       ||     3
       Throwing net      |       |       |     1 |       |       |       |       ||     1
 Cast: Freeze            |    17 |    14 |    16 |    19 |    11 |       |       ||    77
       Ozocubu's Armour  |       |     3 |    24 |    40 |    76 |    58 |       ||   201
       Summon Ice Beast  |       |       |    23 |    79 |   103 |    46 |       ||   251
       Throw Icicle      |       |       |    11 |    86 |   136 |    64 |    52 ||   349
       Throw Frost       |       |       |     2 |    20 |     2 |     1 |       ||    25
       Ice Form          |       |       |       |       |    43 |    49 |       ||    92
       Apportation       |       |       |       |       |     1 |     2 |     1 ||     4
       Summon Butterflie |       |       |       |       |     1 |       |       ||     1
       Deflect Missiles  |       |       |       |       |     1 |     8 |     5 ||    14
       Regeneration      |       |       |       |       |       |    45 |    38 ||    83
       Statue Form       |       |       |       |       |       |    38 |    60 ||    98
       Airstrike         |       |       |       |       |       |    22 |     7 ||    29
       Conjure Ball Ligh |       |       |       |       |       |     1 |    11 ||    12
Invok: Slouch            |       |       |       |     3 |     9 |     7 |     2 ||    21
       Bend Time         |       |       |       |     2 |     8 |     3 |       ||    13
       Step From Time    |       |       |       |       |       |     2 |     1 ||     3
       Temporal Distorti |       |       |       |       |       |     5 |     5 ||    10
 Abil: End Transformatio |       |       |       |       |     1 |     7 |     9 ||    17
       Blink             |       |       |       |       |       |     4 |     2 ||     6
       Evoke Flight      |       |       |       |       |       |     1 |       ||     1
Evoke: Wand              |       |       |     2 |     4 |     4 |       |     2 ||    12
  Use: Scroll            |       |     4 |     9 |     7 |    20 |    13 |     8 ||    61
       Potion            |       |       |     3 |     5 |     6 |     5 |     5 ||    24
 Stab: Sleeping          |     6 |    11 |     8 |     7 |    22 |    25 |    11 ||    90
       Distracted        |       |       |     1 |     6 |    18 |     4 |     6 ||    35
  Eat: Chunk             |     3 |     5 |     6 |     7 |    15 |     6 |     5 ||    47
       Fruit             |       |       |    12 |     3 |       |    15 |     6 ||    36
       Royal jelly       |       |       |     1 |       |       |     2 |       ||     3
       Beef jerky        |       |       |     1 |     2 |     3 |       |     2 ||     8
       Meat ration       |       |       |       |     1 |     1 |       |     1 ||     3
       Pizza             |       |       |       |       |       |     5 |     1 ||     6
Armor: Skin              |    11 |     8 |    39 |    86 |   292 |   339 |   307 ||  1082
Dodge: Dodged            |    60 |    47 |   105 |   293 |  1420 |  1462 |  1398 ||  4785
       Deflected         |       |       |       |       |       |    72 |   158 ||   230
Block: Buckler           |       |       |       |       |       |   184 |   457 ||   641
